 Dungeon Crawl Stone Soup version 0.26.1-11-gd32895ea62 (webtiles) character file.

Game seed: 179998775882945453

74 Zeld the Sneak (level 4, -3/29 HPs)
             Began as an Octopode Brigand on May 15, 2021.
             Killed from afar by an orc wizard (6 damage)
             ... with a magic dart
             ... on level 2 of the Dungeon.
             The game lasted 00:02:42 (2927 turns).

Zeld the Sneak (Octopode Brigand)                   Turns: 2927, Time: 00:02:42

Health: -3/29      AC:  1    Str: 11    XL:     4   Next: 30%
Magic:  6/6        EV: 13    Int: 13    God:
Gold:   93         SH:  0    Dex: 13    Spells: 6/6 levels left

rFire    . . .     SeeInvis .   a - +2 dagger
rCold    . . .     Faith    .   (no shield)
rNeg     . . .     Spirit   .   i - +0 hat
rPois    .         Reflect  .   (no amulet)
rElec    .         Harm     .   (no ring)
rCorr    .         Rampage  .   (no ring)
Will     .....                  (no ring)
Stlth    ++++......             (no ring)
HPRegen  0.09/turn              (no ring)
MPRegen  0.10/turn              (no ring)
                                (no ring)
                                (no ring)

@: no status effects
A: almost no armour, stealthy swim, amphibious, 8 rings, constrict 8, camouflage
1, gelatinous body 1
a: no special abilities


You were on level 2 of the Dungeon.
You visited 1 branch of the dungeon, and saw 3 of its levels.

You collected 93 gold pieces.

Inventory:

Hand Weapons
 a - a +2 dagger (weapon)
Missiles
 b - 25 poisoned darts (quivered)
 c - 2 curare-tipped darts
 t - 2 atropa-tipped darts
Armour
 i - a +0 hat (worn)
Jewellery
 p - an uncursed amulet of magic regeneration {unknown}
 q - an uncursed ring of resist corrosion {unknown}
 s - an uncursed ring of resist corrosion {unknown}
Scrolls
 e - a scroll of enchant armour {unknown}
 g - 3 scrolls of identify {unknown}
 h - 3 scrolls of magic mapping {unknown}
 k - 3 scrolls of remove curse {unknown}
 m - a scroll of noise {unknown}
Potions
 d - 2 potions of mutation {unknown}
 f - a potion of attraction {unknown}
 j - a potion of heal wounds {unknown}
 l - a potion of flight {unknown}
 n - a potion of berserk rage {unknown}
 o - 2 potions of brilliance {unknown}
 r - 2 potions of curing {unknown}


   Skills:
 - Level 2.0 Fighting
 - Level 2.0 Short Blades
 * Level 3.8 Throwing
 - Level 1.0 Dodging
 - Level 5.3 Stealth
 + Level 1.7 Spellcasting


You had 6 spell levels left.
You didn't know any spells.
Your spell library was empty.

Dungeon Overview and Level Annotations

Branches:
Dungeon (3/15)

Altars:


Innate Abilities, Weirdness & Mutations

You cannot wear most types of armour.
You are very stealthy in the water. (Stealth+)
You are amphibious.
You can wear up to eight rings at the same time.
You can use your tentacles to constrict eight enemies at once.
Your skin changes colour to match your surroundings (Stealth+).
Your rubbery body absorbs attacks. (AC +1, EV +1)


Message History

You climb upwards.
Reactivating autopickup.
You feel less confused.
There is a stone staircase leading down here.
Deactivating autopickup; reactivate with Ctrl-A.
You barely miss something. You squeeze something! The orc closely misses you.
Something completely misses you. The orc barely misses you.
Things that are here:
a +0 club; a hobgoblin corpse You closely miss the orc.
Your grab misses the orc.
The orc is moderately wounded.
The orc hits you with a +0 club!
* * * LOW HITPOINT WARNING * * *
Okay, then.
There is an open door here.
You see here 3 stones.
A magic dart appears from out of thin air!
The magic dart hits you.
You die...

#######..##########.........##)#
..................'....(....+.>#
########.########.#.........##[#
# #.## #.#.........##.# # #..#
#.#.##(####....# # ##.#
###'####.# ###### # #.#
#......{.# # #.## #........#
#..# #.@.o..(.# ##.## #........#
#..# #........# ##.# #.......##
#.###[......# #..##.......#
#########.##.......#
#.......#.##.......#
#.....).#†.#.......#


You could see an orc.

Vanquished Creatures
  2 oozes (D:1)
  2 dart slugs
  2 leopard geckos (D:1)
  2 orcs
  4 giant cockroaches (D:1)
  10 hobgoblins
  2 jackals (D:1)
  A quokka (D:2)
  6 bats
  4 frilled lizards
  10 goblins
  5 kobolds
  2 rats (D:1)
52 creatures vanquished.

Notes
Turn   | Place    | Note
-------+----------+-------------------------------------------
     0 | D:1      | Zeld the Octopode Brigand began the quest for the Orb.
     0 | D:1      | Reached XP level 1. HP: 14/14 MP: 1/1
   347 | D:1      | Reached XP level 2. HP: 19/19 MP: 2/2
   858 | D:1      | Reached skill level 1 in Spellcasting
   958 | D:1      | Reached XP level 3. HP: 24/24 MP: 4/4
   961 | D:1      | You fall into a shaft and drop 1 floor!
  1804 | D:2      | Reached XP level 4. HP: 29/29 MP: 6/6
  2927 | D:2      | Killed from afar by an orc wizard

Illustrated notes

Levels and vault maps discovered:
D:1:      psy_arrival_spokes, layout_basic
D:2:      layout_basic
D:3:      layout_loops_corners, okawaru_altar_gauntlet_db

Skill      XL: |  1  2 |
---------------+-------+-----
Spellcasting   | 1 |  1.7
Throwing       | 3 |  3.8
Fighting       | |  2.0
Short Blades   | |  2.0
Dodging        | |  1.0
Stealth        | |  5.3

Action                   |  1- 3 |  4- 6 || total
-------------------------+-------+-------++-------
Melee: Dagger            |    70 |    29 ||    99
       Constrict         |    15 |     5 ||    20
       Tentacles         |    11 |     6 ||    17
 Stab: Sleeping          |    18 |     4 ||    22
       Distracted        |       |     1 ||     1
Armor: Skin              |     3 |       ||     3
Dodge: Dodged            |    22 |    19 ||    41
